 Dungeon Crawl Stone Soup version 0.32-a0-818-gb728d0252e (webtiles) character file.

Game seed: 17094148658739083184

238 wildpjah the Covered (level 5, -2/45 HPs)
             Began as a Mountain Dwarf Artificer on Mar 25, 2024.
             Slain by a gnoll
             ... wielding a +0 flail
             ... led by a gnoll bouda
              (4 damage)
             ... on level 5 of the Dungeon.
             The game lasted 00:08:30 (3057 turns).

wildpjah the Covered (Mountain Dwarf Artificer)     Turns: 3057, Time: 00:08:30

Health: -2/45      AC: 10    Str: 17    XL:     5   Next: 78%
Magic:  5/5        EV: 10    Int: 11    God:
Gold:   181        SH:  0    Dex: 10    Spells: 4/4 levels left

rFire   . . .        k - +0 whip
rCold   . . .        C - orb {light}
rNeg    . . .        n - +0 ring mail
rPois   .            m - +0 helmet
rElec   .            l - +2 cloak
rCorr   .            (no gloves)
SInv    .            (no boots)
Will    .....        x - amulet of regeneration
Stlth   +            B - ring of flight
HPRegen 1.07/turn    (no ring)
MPRegen 0.09/turn

%: no passive effects
@: weakened, flying, glowing
A: runic magic, artefact enchanting
a: no special abilities


You were on level 5 of the Dungeon.
You visited 1 branch of the dungeon, and saw 5 of its levels.

You collected 181 gold pieces.

Inventory:

Hand Weapons
 k - a +0 whip (weapon)
 v - a +0 halberd
Missiles
 h - 38 stones
 r - 2 boomerangs
 s - 3 throwing nets
 t - 5 poisoned darts
Armour
 b - a +0 leather armour
 l - a +2 cloak (worn)
 m - a +0 helmet (worn)
 n - a +0 ring mail (worn)
 C - an orb of light (worn)
Jewellery
 x - an amulet of regeneration (around neck)
 B - a ring of flight (left hand)
Wands
 c - a wand of flame (13) (quivered)
 d - a wand of charming (22)
 e - a wand of iceblast (5)
 y - a wand of roots (13)
Scrolls
 a - 2 scrolls of torment {unknown}
 f - a scroll of enchant armour {unknown}
 g - a scroll of fear {unknown}
 i - 2 scrolls of vulnerability {unknown}
 p - 3 scrolls of blinking {unknown}
 q - 3 scrolls of identify {unknown}
 w - 2 scrolls of teleportation {unknown}
 z - a scroll of enchant weapon {unknown}
Potions
 j - a potion of curing {unknown}
 o - a potion of invisibility {unknown}
 u - a potion of haste {unknown}
 A - a potion of heal wounds {unknown}
 D - 2 potions of enlightenment {unknown}


   Skills:
 * Level 3.1 Fighting
 - Level 3.1 Maces & Flails
 * Level 3.7 Armour
 + Level 2.1 Dodging
 + Level 0.6 Stealth
 + Level 3.5 Evocations


You had 4 spell levels left.
You didn't know any spells.
Your spell library contained the following spells:

 Spells                   Type           Power      Damage    Failure   Level
 Dazzling Flash           Conj/Hex       0%         N/A       77%         3
 Mephitic Cloud           Conj/Alch/Air  0%         N/A       77%         3
 Curse of Agony           Necr           0%         N/A       100%        5
 Silence                  Hex/Air        0%         N/A       100%        5


Dungeon Overview and Level Annotations

Branches:
Dungeon (5/15)
 Temple: D:4-7

Altars:
Hepliaklqana
Xom

Shops:
D:1 [?*[   D:3 !


Innate Abilities, Weirdness & Mutations

Your spellcasting is much less encumbered by armour.
You can use scrolls of enchantment on lesser artefacts.


Message History

The gnoll bouda hits you with a +0 club.
You hit the gnoll but do no damage.
The gnoll is severely wounded.
The gnoll hits you but does no damage. The gnoll closely misses you.
The gnoll bouda hits you with a +0 club.
You barely miss the gnoll.
The gnoll is severely wounded.
The gnoll bouda hits you but does no damage.
The gnoll hits you with a +0 flail.
The gnoll hits you but does no damage. x2
You hit the gnoll.
The gnoll is severely wounded.
The gnoll closely misses you. The gnoll hits you with a +0 club.
The gnoll bouda gazes fiercely through you!
You feel your attacks grow feeble.
The gnoll bouda hits you but does no damage.
You barely miss the gnoll.
The gnoll is severely wounded.
The gnoll barely misses you. The gnoll hits you with a +0 flail!
The gnoll misses you. The gnoll hits you with a +0 club.
The gnoll bouda hits you with a +0 club.
You hit the gnoll but do no damage.
The gnoll is severely wounded.
The gnoll bouda barks out a call to the hunt!
The gnolls pick up the pace!
The gnoll hits you but does no damage. The gnoll closely misses you.
The gnoll hits you but does no damage. The gnoll hits you with a +0 whip.
You hit the gnoll.
The gnoll is almost dead.
The gnoll hits you with a +0 flail. The gnoll barely misses you.
The gnoll hits you with a +0 whip!
* * * LOW HITPOINT WARNING * * *
The gnoll bouda hits you with a +0 club.
* * * LOW HITPOINT WARNING * * *
The gnoll misses you.
You hit the gnoll but do no damage.
The gnoll is almost dead.
The gnoll bouda hits you with a +0 club.
* * * LOW HITPOINT WARNING * * *
The gnoll hits you with a +0 flail.
You die...

. ... .
.....######..<.
......g@g......
..?...ggg......
...............
......!........
...............
#..............
##............#
##.###.......#


You could see a gnoll bouda and 4 gnolls.

Vanquished Creatures
  A bombardier beetle (D:4)
  2 hounds (D:4)
  4 gnolls (D:3)
  2 adders (D:3)
  2 ribbon worms
  2 dart slugs
  4 orcs (D:4)
  5 ball pythons
  4 bats
  6 endoplasms
  8 giant cockroaches
  4 goblins
  6 hobgoblins
  4 jackals
  8 kobolds
  2 quokkas (D:2)
  6 frilled lizards
  4 rats
74 creatures vanquished.

Notes
Turn   | Place    | Note
-------+----------+-------------------------------------------
     0 | D:1      | wildpjah the Mountain Dwarf Artificer began the quest for
                  | the Orb.
     0 | D:1      | Reached XP level 1. HP: 16/16 MP: 1/1
    65 | D:1      | Found Mum Hong's Armour Shoppe.
   132 | D:1      | Reached XP level 2. HP: 22/23 MP: 2/2
   355 | D:1      | Found Exueh's Magic Scroll Shoppe.
   360 | D:1      | Found Ciczumaw's Antique Armour Shop.
   468 | D:1      | Found Oqoodol's Assorted Antiques.
   519 | D:1      | Reached skill level 1 in Dodging
   529 | D:1      | Reached skill level 1 in Maces & Flails
   666 | D:2      | Reached XP level 3. HP: 28/28 MP: 3/3
  1525 | D:3      | Found a shimmering altar of Xom.
  1526 | D:3      | Found a hazy altar of Hepliaklqana.
  1527 | D:3      | Noticed a spectral ugly thing
  1593 | D:3      | Reached XP level 4. HP: 27/36 MP: 4/4
  2119 | D:3      | Found Pibed's Distillery.
  2416 | D:4      | Reached XP level 5. HP: 42/42 MP: 5/5
  3046 | D:5      | Entered Level 5 of the Dungeon
  3057 | D:5      | HP: 2/45 [gnoll bouda/+0 club (2)]
  3057 | D:5      | Slain by a gnoll

Illustrated notes

Levels and vault maps discovered:
D:1:      amcnicky_arrival_single_pillar, layout_rooms, serial_glass,
          glass_columns_b, glass_columns_c, glass_columns_a, glass_columns_c,
          glass_columns_a, glass_columns_a, glass_columns_a, glass_columns_b,
          glass_columns_c, glass_columns_b, glass_columns_b, glass_columns_b,
          glass_columns_a, glass_columns_b, due_unseen_surprise,
          item_on_display_a, serial_shops, shop, shop, shop, shop,
          minmay_unequal
D:2:      layout_basic
D:3:      layout_basic, regret_index_temple_of_mockery, serial_shops, shop
D:4:      layout_gridville
D:5:      layout_cave_pools, nicolae_overflow_hidden_temple

Skill      XL: |  1  2  3  4  5 |
---------------+----------------+-----
Dodging        | 1 2 |  2.1
Maces & Flails | 1 2 3 |  3.1
Armour         | 3 |  3.7
Fighting       | 2 3 |  3.1
Stealth        | |  0.6
Evocations     | |  3.5

Action                     |  1- 3 |  4- 6 || total
---------------------------+-------+-------++-------
  Melee: Club              |    43 |       ||    43
         Whip              |   178 |   179 ||   357
  Evoke: Wand              |     2 |       ||     2
 Armour: Leather armour    |    98 |       ||    98
         Ring mail         |    46 |   123 ||   169
  Dodge: Dodged            |   111 |    89 ||   200

Table legend: (Time is in decaauts)
 A = Elapsed time spent in this place.
 B = Non-inter-level travel time spent in this place.
 C = Inter-level travel time spent in this place.
 D = Time resting spent in this place.
 E = Time spent auto-exploring this place.
 F = Levels seen in this place.
 G = Mean time per level.
                   A        B        C        D        E       F      G
               +--------+--------+--------+--------+--------+-----+--------+
         Total |   3066 |   2963 |    103 |     62 |   2056 |   5 |  613.2 |
       Dungeon |   3066 |   2963 |    103 |     62 |   2056 |   5 |  613.2 |
               +--------+--------+--------+--------+--------+-----+--------+

Top non-repeatable levels by time:
     D:3: 898 daAuts
     D:2: 796 daAuts
     D:4: 729 daAuts
     D:1: 631 daAuts
     D:5: 9 daAuts
